 Dungeon Crawl Stone Soup version 0.23.0-3-gf3c87f2 (webtiles) character file.

Game seed: 4490968981131985665

277 vishdafish the Bolt Thrower (level 6, -1/50 HPs)
             Began as a Gnoll Wanderer on Feb 22, 2019.
             Slain by a gnoll
             ... wielding a +0 flail
              (10 damage)
             ... on level 3 of the Dungeon.
             The game lasted 00:04:20 (2814 turns).

vishdafish the Bolt Thrower (Gnoll Wanderer)        Turns: 2814, Time: 00:04:20

Health: -1/50      AC:  6    Str: 16    XL:     6   Next: 25%
Magic:  11/11      EV: 11    Int: 17    God:
Gold:   176        SH:  0    Dex: 12    Spells: 11/11 levels left

rFire    . . .     SeeInvis .   i - +0 trident
rCold    . . .     Gourm    .   (no shield)
rNeg     . . .     Faith    .   b - +0 ring mail
rPois    .         Spirit   .   (no helmet)
rElec    .         Reflect  .   r - +0 cloak
rCorr    .         Harm     .   (no gloves)
MR       .....                  (no boots)
Stlth    +.........             (no amulet)
HPRegen  0.16/turn              (no ring)
MPRegen  0.12/turn              (no ring)

@: no status effects
A: distributed training, fangs 1, strong nose
a: no special abilities


You were on level 3 of the Dungeon.
You were not hungry.

You visited 1 branch of the dungeon, and saw 3 of its levels.

You collected 176 gold pieces.

Inventory:

Hand Weapons
 c - a +0 hand crossbow
 g - a +0 whip
 i - a +0 trident (weapon)
 o - a +0 war axe
Missiles
 d - 92 bolts
Armour
 b - a +0 ring mail (worn)
 h - a scarf of resistance
 l - a scarf of cloud immunity
 r - a +0 cloak (worn)
Scrolls
 a - 2 scrolls of remove curse {unknown}
 e - a scroll of blinking {unknown}
 j - a scroll of enchant armour {unknown}
 k - a scroll of magic mapping {unknown}
 m - 2 scrolls of identify {unknown}
 n - a scroll of enchant weapon {unknown}
 p - a scroll of amnesia {unknown}
 t - a scroll of fear {unknown}
Potions
 s - a potion of brilliance {unknown}
Comestibles
 f - 8 rations


   Skills:
 + Level 4.9 Fighting
 + Level 1.8 Short Blades
 + Level 1.8 Long Blades
 + Level 1.8 Axes
 + Level 1.8 Maces & Flails
 + Level 1.8 Polearms
 + Level 1.8 Staves
 + Level 1.8 Slings
 + Level 1.8 Bows
 + Level 4.9 Crossbows
 + Level 3.1 Throwing
 + Level 3.1 Armour
 + Level 1.8 Dodging
 + Level 1.8 Stealth
 + Level 3.1 Shields
 + Level 1.8 Unarmed Combat
 + Level 3.3 Spellcasting
 + Level 1.4 Conjurations
 + Level 1.4 Hexes
 + Level 1.4 Charms
 + Level 2.5 Summonings
 + Level 2.5 Necromancy
 + Level 1.4 Translocations
 + Level 1.4 Transmutations
 + Level 1.4 Fire Magic
 + Level 1.4 Ice Magic
 + Level 1.4 Air Magic
 + Level 1.4 Earth Magic
 + Level 1.4 Poison Magic
 + Level 2.0 Invocations
 + Level 1.8 Evocations


You had 11 spell levels left.
You didn't know any spells.
Your spell library contained the following spells:

 Spells                   Type           Power        Failure   Level  Hunger
 Animate Skeleton         Necr           N/A          11%         1    None
 Pain                     Necr           ##..         11%         1    None
 Vampiric Draining        Necr           ##........   32%         3    ###....
 Regeneration             Chrm/Necr      #.........   38%         3    ###....
 Animate Dead             Necr           N/A          71%         4    ####...


Dungeon Overview and Level Annotations

Branches:
Dungeon (3/15)

Altars:
Ashenzari


Innate Abilities, Weirdness & Mutations

Your experience applies equally to all skills.
You have very sharp teeth.
Your uncanny sense of smell can sniff out nearby items.


Message History

Press: ? - help, Shift-Dir - straight line, f - gnoll
Aim: a gnoll, wielding a +0 flail (heavily wounded)
Okay, then.
Firing (i - inventory) No suitable missiles.
Press: ? - help, Shift-Dir - straight line, f/p - gnoll
Aim: a gnoll, wielding a +0 flail (heavily wounded)
Okay, then.
You feel better. The gnoll closely misses you.
You hit the gnoll.
The gnoll is severely wounded.
The gnoll hits you but does no damage.
You puncture the gnoll!
You kill the gnoll!
You hit the gnoll but do no damage. The gnoll hits you with a +0 flail!
* * * LOW HITPOINT WARNING * * *
You closely miss the gnoll. The gnoll barely misses you.
You puncture the gnoll! Your bite misses the gnoll.
The gnoll is severely wounded.
The gnoll hits you with a +0 flail!
You die...

##.# #.###.#####.###### #.. #..#
#.# #.# #.# #..# ..####.###.#
#.### ##..## ...........# #...#
....#. #.####.##### ###.# #.#.##.
#.# #.# #.# #.#.#.. ..# ##.#####
#.# #.#.#..
#####......#######.########...##.
#...............@g......(.....(#.
#.###......#######.#######.....##
#.# #####.## #.# #.g##..#
#.######...#### #.# #.g# #..
..............# #.# #..# ###
########...##.# #.# #..#
#########.###.# #.# #..#
..(....##.# #.# #.# #$.#
......#.#.# #.# .# #..).#


You could see a gnoll.

Vanquished Creatures
  An orc warrior (D:2)
  An orc wizard (D:3)
  An orc priest (D:2)
  3 gnolls
  3 adders
  3 worms
  A dart slug (D:2)
  2 leopard geckos (D:2)
  4 orcs
  5 giant cockroaches
  8 hobgoblins
  A quokka (D:2)
  A ball python (D:3)
  5 bats
  4 frilled lizards
  5 goblins
  4 kobolds
  7 rats
59 creatures vanquished.

Vanquished Creatures (others)
  7 toadstools (D:1)
7 creatures vanquished.

Grand Total: 66 creatures vanquished

Notes
Turn   | Place    | Note
-------+----------+-------------------------------------------
     0 | D:1      | vishdafish the Gnoll Wanderer began the quest for the Orb.
     0 | D:1      | vishdafish set off with the following items: a +0 ring
                  | mail, a +0 hand crossbow, 27 bolts, a ration; and the
                  | following spells available to memorise: Animate Skeleton,
                  | Pain, Vampiric Draining, Regeneration, Animate Dead
     0 | D:1      | Reached XP level 1. HP: 20/20 MP: 4/4
   131 | D:1      | Reached XP level 2. HP: 26/26 MP: 5/5
   362 | D:1      | Found a shattered altar of Ashenzari.
   385 | D:1      | Reached XP level 3. HP: 26/31 MP: 7/7
   649 | D:2      | Reached skill level 1 in Invocations
  1316 | D:2      | Reached skill level 1 in Short Blades
  1316 | D:2      | Reached skill level 1 in Long Blades
  1316 | D:2      | Reached skill level 1 in Axes
  1316 | D:2      | Reached skill level 1 in Maces & Flails
  1316 | D:2      | Reached skill level 1 in Polearms
  1316 | D:2      | Reached skill level 1 in Staves
  1316 | D:2      | Reached skill level 1 in Slings
  1316 | D:2      | Reached skill level 1 in Bows
  1316 | D:2      | Reached skill level 1 in Dodging
  1316 | D:2      | Reached skill level 1 in Stealth
  1316 | D:2      | Reached skill level 1 in Unarmed Combat
  1316 | D:2      | Reached skill level 1 in Evocations
  1469 | D:2      | Reached XP level 4. HP: 25/38 MP: 8/8
  1927 | D:2      | Noticed an orc warrior
  1938 | D:2      | Killed an orc warrior
  1938 | D:2      | Reached skill level 1 in Conjurations
  1938 | D:2      | Reached skill level 1 in Hexes
  1938 | D:2      | Reached skill level 1 in Charms
  1938 | D:2      | Reached skill level 1 in Translocations
  1938 | D:2      | Reached skill level 1 in Transmutations
  1938 | D:2      | Reached skill level 1 in Fire Magic
  1938 | D:2      | Reached skill level 1 in Ice Magic
  1938 | D:2      | Reached skill level 1 in Air Magic
  1938 | D:2      | Reached skill level 1 in Earth Magic
  1938 | D:2      | Reached skill level 1 in Poison Magic
  1938 | D:2      | Reached XP level 5. HP: 14/43 MP: 9/9
  1941 | D:2      | HP: 1/43 [orc priest/nerve-wracking pain (14)]
  2568 | D:3      | Reached XP level 6. HP: 36/50 MP: 10/10
  2814 | D:3      | Slain by a gnoll

Skill      XL: |  1  2  3  4  5 |
---------------+----------------+-----
Summonings     | 2 |  2.5
Necromancy     | 2 |  2.5
Invocations    | 1 2 |  2.0
Short Blades   | 1 |  1.8
Long Blades    | 1 |  1.8
Axes           | 1 |  1.8
Maces & Flails | 1 |  1.8
Polearms       | 1 |  1.8
Staves         | 1 |  1.8
Slings         | 1 |  1.8
Bows           | 1 |  1.8
Dodging        | 1 |  1.8
Stealth        | 1 |  1.8
Unarmed Combat | 1 |  1.8
Evocations     | 1 |  1.8
Spellcasting   | 3 |  3.3
Throwing       | 3 |  3.1
Armour         | 3 |  3.1
Shields        | 3 |  3.1
Conjurations   | 1 |  1.4
Hexes          | 1 |  1.4
Charms         | 1 |  1.4
Translocations | 1 |  1.4
Transmutations | 1 |  1.4
Fire Magic     | 1 |  1.4
Ice Magic      | 1 |  1.4
Air Magic      | 1 |  1.4
Earth Magic    | 1 |  1.4
Poison Magic   | 1 |  1.4
Fighting       | |  4.9
Crossbows      | |  4.9

Action                   |  1- 3 |  4- 6 || total
-------------------------+-------+-------++-------
Melee: Whip              |    57 |       ||    57
       Bite              |     4 |     5 ||     9
       War axe           |    40 |    16 ||    56
       Trident           |       |    61 ||    61
 Fire: Hand crossbow     |    46 |    17 ||    63
Throw: Tomahawk          |       |     2 ||     2
  Use: Potion            |       |     4 ||     4
 Stab: Sleeping          |       |     1 ||     1
  Eat: Chunk             |     2 |     4 ||     6
Armor: Ring mail         |    59 |    23 ||    82
       Skin              |       |     6 ||     6
Dodge: Dodged            |    89 |    53 ||   142
